 Dungeon Crawl Stone Soup version 0.29-a0-362-g5854e031c7 (webtiles) character file.

Game seed: 7449293898698663817

2970 Dauddaud the Cleaver (level 9, -3/105 HPs)
             Began as a Minotaur Berserker on Apr 29, 2022.
             Was a Priest of Trog.
             Slain by a wraith (8 damage)
             ... on level 9 of the Dungeon.
             The game lasted 00:16:56 (9015 turns).

Dauddaud the Cleaver (Minotaur Berserker)           Turns: 9015, Time: 00:16:57

Health: -3/105     AC: 15    Str: 27    XL:     9   Next: 52%
Magic:  8/8        EV:  7    Int:  4    God:    Trog [***...]
Gold:   313        SH:  0    Dex:  9    Spells: 8/8 levels left

rFire   . . .      SeeInvis .   o - +0 war axe
rCold   . . .      Faith    .   (no shield)
rNeg    + . .      Spirit   .   A - +3 plate armour {rN+}
rPois   .          Reflect  .   (helmet restricted)
rElec   .          Harm     .   v - +0 cloak
rCorr   .          Rampage  .   (no gloves)
Will    ++...                   (no boots)
Stlth   ..........              (no amulet)
HPRegen 1.27/turn               (no ring)
MPRegen 0.11/turn               (no ring)

@: berserking, strong-willed, regenerating, slowed
A: horns 2, retaliatory headbutt
a: Renounce Religion, Berserk, Trog's Hand


You were on level 9 of the Dungeon.
You worshipped Trog.
Trog was most pleased with you.
You visited 1 branch of the dungeon, and saw 8 of its levels.

You collected 313 gold pieces.

Inventory:

Hand Weapons
 a - a +0 hand axe
 o - a +0 war axe (weapon)
 D - a +3 hand axe
Armour
 b - a +0 animal skin
 t - a +0 ring mail
 v - a +0 cloak (worn)
 w - the +4 ring mail of Exzuts {Will++}
   (You found it on level 6 of the Dungeon)

   Will:      It greatly increases your willpower.
 A - a +3 plate armour of positive energy (worn)
Jewellery
 B - a ring of fire
Wands
 n - a wand of polymorph (9)
 r - a wand of acid (10)
 y - a wand of iceblast (9)
 C - a wand of flame (16)
Scrolls
 e - a scroll of enchant weapon
 f - a scroll of magic mapping
 h - 3 scrolls of enchant armour
 i - a scroll of fear
 j - a scroll of amnesia
 k - a scroll of vulnerability
 m - 2 scrolls of immolation
 s - a scroll of blinking {unknown}
 u - a scroll of teleportation
Potions
 c - 3 potions of curing
 d - a potion of berserk rage {unknown}
 g - a potion of heal wounds {unknown}
 l - a potion of brilliance {unknown}
 p - a potion of flight {unknown}
 q - a potion of attraction {unknown}
 x - a potion of might {unknown}
 z - a potion of degeneration {unknown}


   Skills:
 - Level 3.6 Fighting
 * Level 14.2 Axes
 - Level 2.4 Armour
 - Level 2.1 Dodging
 + Level 5.5 Evocations


You had 8 spell levels left.
You didn't know any spells.
Your spell library was empty.

Dungeon Overview and Level Annotations

Branches:
Dungeon (7/15)             Temple (0/1) D:6

Altars:
Ashenzari
Gozag
Qazlal
The Shining One

Shops:
D:2 ::=   D:3 !:**


Innate Abilities, Weirdness & Mutations

You have a pair of horns on your head.
You reflexively headbutt those who attack you in melee.


Message History

You furiously retaliate!
You headbutt the wraith.
Aiming: Throw Flame
Press: ? - help, Shift-Dir - straight line, f - centaur
Aim: a centaur, wielding a +0 shortbow (84% to hit)
The puff of flame hits the centaur.
The centaur is lightly wounded.
The centaur shoots an arrow.
The arrow hits you.
A two-headed ogre zombie comes into view.
The wraith hits you.
* * * LOW HITPOINT WARNING * * *
Okay, then.
You feel better.
The centaur shoots an arrow.
The arrow hits you!
* * * LOW HITPOINT WARNING * * *
The wraith barely misses you. You furiously retaliate!
You headbutt the wraith, but do no damage.
The wraith hits you but does no damage.
Okay, then.
You fail to use your ability.
The centaur shoots an arrow.
The arrow closely misses you.
The arrow hits the wraith!
The wraith hits you.
* * * LOW HITPOINT WARNING * * *
The wraith drains your vigour!
You feel as though you will be slow longer.
A two-headed ogre zombie comes into view.
The centaur shoots an arrow.
The arrow hits you but does no damage.
Your skin crawls.
You feel strong-willed.
You can no longer call in reinforcements.
The centaur shoots an arrow.
The arrow hits you but does no damage. The wraith hits you but does no damage.
The wraith hits you!
* * * LOW HITPOINT WARNING * * *
Unknown command.
A red film seems to cover your vision as you go berserk!
You feel yourself moving faster!
You feel mighty! The wraith hits you but does no damage.
The centaur unwields a +0 shortbow.
The centaur hits you but does no damage.
The centaur kicks you but does no damage.
You hit the centaur.
The centaur is lightly wounded.
You hit the wraith. You slice the two-headed ogre zombie!! The wraith hits you!
You die...

## #..
#..##################
#....[..............#
#...................#
#...W@c.............#
.......Z.#'######.....#
........Z#... #.....#
..# ..#####..#.....
#.....# #.# ..#
#..#......#.....# #.#
#..# #Z.#......#.....#
#.# #..#
#..+......#.....#
##.####+#..###
#..#......#.....#
#............. #.....#


You could see a wraith, a centaur and 3 two-headed ogre zombies.

Vanquished Creatures
  Maggie (D:9)
  Grinder (D:6)
  A yak (D:9)
  Eustachio (D:4)
  A steam dragon (D:9)
  Duvessa (D:6)
  A water moccasin (D:6)
  An ice beast (D:6)
  2 orc warriors
  A black bear (D:5)
  An ogre (D:5)
  A phantom (D:4)
  A kobold brigand (D:4)
  A bullfrog (D:6)
  A scorpion (D:6)
  A necrophage (D:6)
  Dowan (D:6)
  A vampire bat (D:3)
  2 howler monkeys (D:5)
  An electric eel (D:9)
  An orc priest (D:6)
  3 hounds
  2 gnoll shamans
  Ijyb (D:4)
  Jessica (D:2)
  3 iguanas
  Natasha (twice) (D:2)
  10 orc wizards
  Robin (D:2)
  5 gnolls
  8 adders
  3 shadow imps (D:6)
  2 ufetubi (D:5)
  3 worms
  5 dart slugs
  19 orcs
  7 ball pythons
  12 bats
  8 endoplasms
  7 giant cockroaches
  12 goblins
  6 hobgoblins
  4 jackals (D:5)
  6 quokkas
  4 frilled lizards
  5 kobolds
  6 rats
168 creatures vanquished.

Vanquished Creatures (others)
  A gnoll (D:6)
1 creature vanquished.

Grand Total: 169 creatures vanquished

Notes
Turn   | Place    | Note
-------+----------+-------------------------------------------
     0 | D:1      | Dauddaud the Minotaur Berserker began the quest for the
                  | Orb.
     0 | D:1      | Reached XP level 1. HP: 19/19 MP: 0/0
    26 | D:1      | Reached skill level 4 in Axes
   120 | D:1      | Reached XP level 2. HP: 26/26 MP: 1/1
   543 | D:1      | Reached skill level 5 in Axes
  1035 | D:1      | Reached XP level 3. HP: 31/31 MP: 2/2
  1178 | D:2      | Found a faded altar of an unknown god.
  1407 | D:2      | Reached ** piety under Trog
  1435 | D:2      | Noticed Natasha
  1442 | D:2      | Killed Natasha
  1482 | D:2      | Reached skill level 6 in Axes
  1482 | D:2      | Reached XP level 4. HP: 20/39 MP: 3/3
  1755 | D:2      | Noticed Jessica
  1759 | D:2      | Killed Jessica
  1882 | D:2      | Found Fassoh's Jewellery Emporium.
  1899 | D:2      | Found Yteles's Book Boutique.
  2073 | D:2      | Noticed Robin
  2084 | D:2      | Killed Robin
  2259 | D:2      | Reached XP level 5. HP: 45/45 MP: 4/4
  2282 | D:2      | Reached skill level 7 in Axes
  2310 | D:2      | Noticed Natasha
  2314 | D:2      | Killed Natasha
  2377 | D:2      | Found Ewuass's Book Shop.
  2678 | D:3      | Found Plog's Assorted Antiques.
  2784 | D:3      | Found Viwkiuwn's Book Emporium.
  2892 | D:3      | Reached *** piety under Trog
  3063 | D:3      | Found Dohuj's General Store.
  3217 | D:3      | Found Ethezy's Distillery.
  3256 | D:3      | Reached skill level 8 in Axes
  3475 | D:4      | Noticed Eustachio
  3496 | D:4      | Killed Eustachio
  3497 | D:4      | Reached XP level 6. HP: 22/51 MP: 5/5
  3944 | D:4      | Noticed Ijyb
  3950 | D:4      | Reached skill level 9 in Axes
  3952 | D:4      | Reached XP level 7. HP: 25/57 MP: 6/6
  3956 | D:4      | Killed Ijyb
  3957 | D:4      | Reached skill level 10 in Axes
  4535 | D:5      | Entered Level 5 of the Dungeon
  4668 | D:5      | Reached skill level 1 in Evocations
  5402 | D:5      | Reached skill level 11 in Axes
  5501 | D:5      | Found a stormy altar of Qazlal.
  5636 | D:5      | Reached XP level 8. HP: 42/64 MP: 7/7
  5928 | D:6      | Noticed Grinder
  5942 | D:6      | Killed Grinder
  6411 | D:6      | Found a staircase to the Ecumenical Temple.
  6434 | D:6      | Identified the +4 ring mail of Exzuts {Will++}
  6475 | D:6      | Noticed Duvessa
  6475 | D:6      | Noticed Dowan
  6498 | D:6      | Killed Duvessa
  6499 | D:6      | Reached skill level 12 in Axes
  6524 | D:6      | Killed Dowan
  7004 | D:6      | Reached skill level 13 in Axes
  7174 | D:6      | Reached XP level 9. HP: 67/70 MP: 8/8
  7968 | D:6      | Found an opulent altar of Gozag.
  7971 | D:6      | Found a glowing golden altar of the Shining One.
  7976 | D:6      | Found a broken altar of Ashenzari.
  8099 | D:7      | You fall into a shaft and drop 2 floors!
  8145 | D:9      | Reached skill level 5 in Evocations
  8512 | D:9      | Reached **** piety under Trog
  8682 | D:9      | Noticed Maggie
  8700 | D:9      | Killed Maggie
  8701 | D:9      | Reached skill level 14 in Axes
  9013 | D:9      | HP: 1/70 [wraith (10)]
  9015 | D:9      | Slain by a wraith

Illustrated notes

Levels and vault maps discovered:
D:1:      tarquinn_simple_flora_water_f, layout_basic, minmay_tetromino_i2
D:2:      layout_basic, serial_shops, nicolae_shop_advertising_works
          [nicolae_subvault_shop_adworks],
          nicolae_shop_competitors_out_of_business, nicolae_shop_hallway_stairs,
          shapermc_ecumenical_altar_starsandcircs, uniq_robin, uniq_natasha,
          uniq_jessica
D:3:      layout_rooms, serial_glass, glass_columns_a, glass_columns_b,
          glass_columns_a, glass_columns_b, glass_columns_b, glass_columns_b,
          glass_columns_b, glass_columns_a, serial_shops, nicolae_diamond_shop,
          nicolae_square_shop, shop, shop, minmay_misc_feat_doors,
          roderic_batcave
D:4:      layout_cave_pools, uniq_eustachio, uniq_ijyb
D:5:      layout_basic, nicolae_qazlal_eye_of_the_storm
D:6:      layout_basic, grunt_temple_overflow_diamond,
          minmay_temple_entry_offerings, minmay_increasing_density,
          uniq_grinder, uniq_duvessa
D:7:      layout_loops_ring, mainiacjoe_overflow_tiny_flanked,
          nicolae_dithmenos_the_darkroom, uniq_joseph
D:9:      lemuel_ogre_cave, layout_irregular_city, old_standard_altar,
          uniq_maggie

Skill      XL: |  1  2  3  4  5  6  7  8  9 |
---------------+----------------------------+-----
Axes           | 4 5 6 8 9 11 13 14 | 14.2
Evocations     | 2 4 5 |  5.5
Fighting       | |  3.6
Armour         | |  2.4
Dodging        | |  2.1

Action                   |  1- 3 |  4- 6 |  7- 9 || total
-------------------------+-------+-------+-------++-------
Melee: Hand axe          |    73 |   113 |     6 ||   192
       Headbutt          |    11 |    24 |    36 ||    71
       Punch             |     1 |     1 |     2 ||     4
       War axe           |       |       |   223 ||   223
Invok: Trog's Hand       |       |     2 |     6 ||     8
       Berserk           |       |     2 |     4 ||     6
Evoke: Wand              |       |       |     1 ||     1
  Use: Scroll            |       |     4 |     4 ||     8
       Potion            |       |       |     1 ||     1
Armor: Animal skin       |    11 |    26 |     5 ||    42
       Ring mail         |       |       |    44 ||    44
       Plate armour      |       |       |    44 ||    44
Dodge: Dodged            |    41 |    81 |    98 ||   220

Table legend: (Time is in decaauts)
 A = Elapsed time spent in this place.
 B = Non-inter-level travel time spent in this place.
 C = Inter-level travel time spent in this place.
 D = Time resting spent in this place.
 E = Time spent auto-exploring this place.
 F = Levels seen in this place.
 G = Mean time per level.
                   A        B        C        D        E       F      G
               +--------+--------+--------+--------+--------+-----+--------+
         Total |   9040 |   8882 |    158 |   2836 |   4905 |   8 | 1130.0 |
       Dungeon |   9040 |   8882 |    158 |   2836 |   4905 |   8 | 1130.0 |
               +--------+--------+--------+--------+--------+-----+--------+

Top non-repeatable levels by time:
     D:6: 2164 daAuts
     D:2: 1499 daAuts
     D:5: 1398 daAuts
     D:3: 1203 daAuts
     D:1: 1180 daAuts
     D:9: 911 daAuts
     D:4: 667 daAuts
     D:7: 15 daAuts
